 Dungeon Crawl Stone Soup version 0.30-a0-918-g0ff054e9dc (webtiles) character file.

Game seed: 12440820092993455024

12526 qeuew the Protected (level 12, 0/93 HPs)
             Began as a Formicid Fighter on Mar 20, 2023.
             Was a Priest of Makhleb.
             Succumbed to barbed spike wounds
             ... on level 2 of the Lair of Beasts.
             The game lasted 00:17:16 (7250 turns).

qeuew the Protected (Formicid Fighter)              Turns: 7250, Time: 00:17:16

Health: 0/93       AC: 17    Str: 29    XL:     12   Next: 21%
Magic:  19/19      EV: 10    Int:  7    God:    Makhleb [***...]
Gold:   1676       SH:  7    Dex: 14    Spells: 11/11 levels left

rFire   . . .      SeeInvis +    a - +1 war axe
rCold   x . .      Faith    .    c - +1 buckler
rNeg    . . .      Spirit   .    q - +8 scale mail of Zykhilo {rC- Will+ Int+3 Slay+3}
rPois   .          Reflect  .    (helmet unavailable)
rElec   .          Rampage  .    (no cloak)
rCorr   +          Clarity  +    (no gloves)
Will    ++...                    (no boots) Stlth
                                 e - amulet of regeneration
HPRegen 1.15/turn                k - ring of resist corrosion
MPRegen 0.16/turn                (no ring)

@: marked, spiked, studying Axes
A: permanent stasis, dig shafts and tunnels, antennae 3, four strong arms,
talons 1, clarity, dopey 1, strong 1
a: Dig, Shaft Self, Renounce Religion, Minor Destruction, Lesser Servant of
Makhleb


You were on level 2 of the Lair of Beasts.
You worshipped Makhleb.
Makhleb was most pleased with you.
You visited 3 branches of the dungeon, and saw 14 of its levels.

You collected 1676 gold pieces.

Inventory:

Hand Weapons
 a - a +1 war axe (weapon)
Missiles
 r - a throwing net (quivered)
Armour
 c - a +1 buckler (worn)
 q - the +8 scale mail of Zykhilo (worn) {rC- Will+ Int+3 Slay+3}
   (You found it on level 6 of the Dungeon)

   Int:       It affects your intelligence (+3).
   Slay:      It affects your accuracy & damage with ranged weapons and melee
   (+3).
   rC:        It makes you vulnerable to cold.
   Will:      It increases your willpower.
Jewellery
 e - an amulet of regeneration (around neck)
 k - a ring of resist corrosion (left hand)
Wands
 b - a wand of flame (9)
 s - a wand of mindburst (7)
Scrolls
 g - 3 scrolls of identify
 h - a scroll of fog
 o - 2 scrolls of enchant weapon
Potions
 d - a potion of degeneration {unknown}
 f - 3 potions of magic
 j - 3 potions of brilliance
 l - a potion of cancellation
 m - a potion of flight
 p - 3 potions of curing


   Skills:
 + Level 8.2 Fighting
 * Level 10.2 Axes
 * Level 11.3 Armour
 + Level 9.8 Shields
 * Level 9.5 Invocations
 + Level 1.3 Evocations


You had 11 spell levels left.
You didn't know any spells.
Your spell library was empty.

Dungeon Overview and Level Annotations

Branches:
Dungeon (11/15)            Temple (1/1) D:5            Lair (1/5) D:10
    Orc: D:9-12

Altars:
Ashenzari
Cheibriados
Dithmenos
Elyvilon
Fedhas
Gozag
Hepliaklqana
Kikubaaqudgha
Makhleb
Nemelex Xobeh
Okawaru
Qazlal
Ru
Sif Muna
Uskayaw
Vehumet
Wu Jian
Xom
Yredelemnul
Zin
The Shining One

Shops:
D:10 *

Annotations:
D:10 Urug


Innate Abilities, Weirdness & Mutations

You cannot be hasted, slowed, berserked, paralysed or teleported.
You can dig through walls and to a lower floor.
You have a pair of large antennae on your head. (SInv)
Your four strong arms can wield two-handed weapons with a shield.
You have sharp toenails.
You possess an exceptional clarity of mind.
You are dopey. (Int -2)
Your muscles are strong. (Str +4, Int/Dex -1)


Message History

You are too injured to fight recklessly!
You are too injured to fight recklessly!
You are too injured to fight recklessly!
You are too injured to fight recklessly!
Unknown command.
Okay, then.
Okay, then.
You see here a manual of Axes.
Something appears at your feet!
You pick up a manual of Axes and begin studying.
The wind drake bites you.
The manticore flicks its tail.
The volley of spikes hits you!
The barbed spikes become lodged in your body.
The barbs in your skin will harm you if you move.
Continue?
Are you sure you want to shaft yourself?
The wind drake flaps its wings at you. The air twists around and strikes you!
* * * LOW HITPOINT WARNING * * *
The manticore flicks its tail.
The volley of spikes hits you.
The barbed spikes become lodged in your body.
* * * LOW HITPOINT WARNING * * *
You begin to dig a shaft.
You continue digging a shaft.
The wind drake flaps its wings at you. The air twists around and strikes you.
* * * LOW HITPOINT WARNING * * *
The seven-headed hydra bites you.
* * * LOW HITPOINT WARNING * * *
The seven-headed hydra bites you.
* * * LOW HITPOINT WARNING * * *
The seven-headed hydra completely misses you.
The seven-headed hydra bites you but does no damage.
The seven-headed hydra barely misses you.
You block the seven-headed hydra's attack.
The seven-headed hydra misses you. A shaft appears beneath you!
You fall into a shaft and drop 2 floors!
The shaft crumbles and collapses.
The barbed spikes dig painfully into your body as you move.
You die...

.....#
...P.##
####?.#..
#.#..!P.#
..##......#
........#
#....# #
##D@# #.
#..k# ...
##H.#
....##...#
#{P.#..# {
#.}....##
###P#.#.#
###.###
#...#


You could see a seven-headed hydra, a wind drake (repels missiles) and a
manticore.

Vanquished Creatures
  Gastronok (D:8)
  Erica (D:8)
  A two-headed ogre (D:10)
  Pikel (D:7)
  A manticore (D:11)
  Maurice (D:8)
  A black mamba (Lair:2)
  A cane toad (Lair:2)
  Maggie (D:8)
  A gargoyle (D:11)
  An unseen horror (D:11)
  A hornet (D:10)
  Grinder (D:3)
  9 yaks
  2 wyverns
  Menkaure (D:6)
  4 vampire mosquitoes (D:8)
  An acid dragon (D:10)
  3 water moccasins
  An ice beast (D:8)
  5 sky beasts
  A black bear (D:6)
  5 orc warriors
  2 centaurs
  3 phantoms
  A lemure (D:7)
  3 bullfrogs
  3 kobold brigands
  5 gnoll sergeants
  7 wights (D:9)
  8 killer bees
  7 howler monkeys
  3 hounds
  4 jellies
  8 orc priests
  Crazy Yiuf (D:3)
  2 gnoll boudas
  4 iguanas (D:6)
  Natasha (thrice) (D:3)
  10 orc wizards
  26 gnolls
  12 adders
  A white imp (D:7)
  3 worms
  3 dart slugs
  50 orcs
  8 endoplasms
  4 giant cockroaches
  6 hobgoblins
  7 jackals
  5 quokkas
  6 ball pythons
  8 bats
  5 frilled lizards
  5 goblins
  19 kobolds
  3 rats
290 creatures vanquished.

Vanquished Creatures (others)
  A fungus (Lair:2)
  2 plants (Lair:2)
3 creatures vanquished.

Grand Total: 293 creatures vanquished

Notes
Turn   | Place    | Note
-------+----------+-------------------------------------------
     0 | D:1      | qeuew the Formicid Fighter began the quest for the Orb.
     0 | D:1      | Reached XP level 1. HP: 18/18 MP: 1/1
   113 | D:1      | Reached XP level 2. HP: 13/24 MP: 2/2
   353 | D:1      | Reached XP level 3. HP: 22/29 MP: 3/3
   921 | D:2      | Reached skill level 4 in Armour
   921 | D:2      | Reached XP level 4. HP: 11/37 MP: 4/4
   931 | D:2      | Reached XP level 5. HP: 26/42 MP: 5/5
  1567 | D:2      | Identified the +5 ring mail of Luneckat {Dex+2}
  1763 | D:2      | Identified a scroll of acquirement
  1763 | D:2      | Acquired 1031 gold pieces
  1867 | D:3      | Noticed Natasha
  1877 | D:3      | Killed Natasha
  1890 | D:3      | Reached XP level 6. HP: 48/48 MP: 6/6
  1907 | D:3      | Noticed Grinder
  1915 | D:3      | Reached skill level 5 in Shields
  1931 | D:3      | Killed Grinder
  1932 | D:3      | Reached skill level 5 in Armour
  1932 | D:3      | Reached XP level 7. HP: 39/55 MP: 7/7
  2047 | D:3      | Noticed Natasha
  2060 | D:3      | Killed Natasha
  2103 | D:3      | Found a runed translucent door.
  2104 | D:3      | Noticed Crazy Yiuf
  2179 | D:3      | Noticed Natasha
  2185 | D:3      | Killed Natasha
  2355 | D:3      | Killed Crazy Yiuf
  2363 | D:3      | Gained mutation: Armour fits poorly on your strangely
                  | shaped body. [potion of mutation]
  2363 | D:3      | Lost mutation: Armour fits poorly on your strangely shaped
                  | body. [potion of mutation]
  2527 | D:4      | Reached skill level 5 in Axes
  2527 | D:4      | Reached skill level 6 in Armour
  2621 | D:4      | Reached XP level 8. HP: 61/61 MP: 8/8
  2876 | D:5      | Entered Level 5 of the Dungeon
  2882 | D:5      | Reached skill level 5 in Fighting
  3064 | D:5      | Reached skill level 7 in Armour
  3219 | D:5      | Found a staircase to the Ecumenical Temple.
  3230 | Temple   | Entered the Ecumenical Temple
  3410 | Temple   | Became a worshipper of Makhleb the Destroyer
  3630 | D:6      | Reached skill level 1 in Invocations
  3641 | D:6      | Reached XP level 9. HP: 50/68 MP: 8/10
  3713 | D:6      | Noticed Menkaure
  3726 | D:6      | Killed Menkaure
  3819 | D:6      | Found an ornate altar of the Wu Jian Council.
  3822 | D:6      | Found a hide-covered altar of Uskayaw.
  3823 | D:6      | Found an opulent altar of Gozag.
  3823 | D:6      | Found a broken altar of Ashenzari.
  3824 | D:6      | Found a sparkling altar of Nemelex Xobeh.
  3958 | D:6      | Identified the +8 scale mail of Zykhilo {rC- Will+ Int+3
                  | Slay+3}
  4053 | D:6      | Found an iron altar of Okawaru.
  4127 | D:6      | Found a blossoming altar of Fedhas.
  4132 | D:6      | Found a glowing silver altar of Zin.
  4400 | D:7      | Noticed Pikel
  4412 | D:7      | Killed Pikel
  4413 | D:7      | Reached skill level 8 in Armour
  4489 | D:7      | Reached * piety under Makhleb
  4502 | D:7      | Reached XP level 10. HP: 77/77 MP: 13/13
  4575 | D:7      | Reached skill level 5 in Invocations
  5091 | D:7      | Reached skill level 9 in Armour
  5142 | D:7      | Found a stormy altar of Qazlal.
  5430 | D:8      | Reached ** piety under Makhleb
  5487 | D:8      | Noticed Maggie
  5519 | D:8      | Killed Maggie
  5618 | D:8      | Noticed Gastronok
  5619 | D:8      | Noticed Erica
  5630 | D:8      | Killed Erica
  5631 | D:8      | Reached XP level 11. HP: 77/84 MP: 16/16
  5636 | D:8      | Killed Gastronok
  5637 | D:8      | Reached skill level 10 in Armour
  5704 | D:8      | Noticed Maurice
  5735 | D:8      | Killed Maurice
  5893 | D:8      | Found a shimmering blue altar of Sif Muna.
  6203 | D:9      | Reached *** piety under Makhleb
  6212 | D:9      | HP: 2/84 [wight/+5 falchion (12)]
  6350 | D:9      | Gained mutation: You have sharp toenails. [potion of
                  | mutation]
  6350 | D:9      | Gained mutation: You are dopey. (Int -2) [potion of
                  | mutation]
  6350 | D:9      | Gained mutation: You possess an exceptional clarity of
                  | mind. [potion of mutation]
  6350 | D:9      | Gained mutation: Your muscles are strong. (Str +4, Int/Dex
                  | -1) [potion of mutation]
  6387 | D:9      | Noticed a two-headed ogre
  6388 | D:9      | Noticed a brown ugly thing
  6391 | D:9      | Noticed a manticore
  6394 | D:9      | You fall into a shaft and drop 2 floors!
  6472 | D:11     | Noticed a manticore
  6479 | D:11     | Killed a manticore
  6687 | D:11     | Reached skill level 11 in Armour
  6700 | D:10     | Entered Level 10 of the Dungeon
  6738 | D:10     | Reached XP level 12. HP: 88/92 MP: 18/18
  6854 | D:10     | Reached skill level 10 in Axes
  6959 | D:10     | Reached **** piety under Makhleb
  6969 | D:10     | Found Itsutod's Assorted Antiques.
  7003 | D:10     | Noticed a two-headed ogre
  7014 | D:10     | Killed a two-headed ogre
  7017 | D:10     | Reached skill level 1 in Evocations
  7086 | D:10     | Found a staircase to the Lair.
  7131 | D:10     | Noticed Urug
  7151 | Lair:1   | Entered Level 1 of the Lair of Beasts
  7151 | Lair:1   | You fall into a shaft and drop 1 floor!
  7242 | Lair:2   | Noticed a seven-headed hydra
  7246 | Lair:2   | Acquired a manual of Axes
  7250 | Lair:2   | You fall into a shaft and drop 2 floors!
  7250 | Lair:2   | Succumbed to barbed spike wounds

Illustrated notes

Levels and vault maps discovered:
D:1:      psy_arrival_fountain, layout_loops_corners
D:2:      cheibrodos_pilgrimage, layout_loops_corners
D:3:      layout_rooms, kennysheep_doodads, uniq_crazy_yiuf_cottage,
          uniq_grinder, uniq_natasha
D:4:      layout_rooms
D:5:      layout_gridville, minmay_temple_entry_glass
D:6:      layout_basic, grunt_temple_overflow_open,
          mainiacjoe_overflow_boulevard, overflow_temple_1_default,
          marbit_many_paths, minmay_misc_feat_chi, minmay_circle_x,
          uniq_menkaure
D:7:      layout_loops_corners, nicolae_qazlal_style_of_elements,
          minmay_misc_feat_iff, uniq_pikel
D:8:      layout_loops_ring, kennysheep_mini, special_room [special_room_orc],
          uniq_gastronok, uniq_maggie, uniq_erica, uniq_maurice
D:9:      layout_irregular_city, bloody_trog, minivault_28
D:10:     layout_stronghold, lair_entry_dummy, hiddenorc1_lemuel,
          enter_bailey_5, serial_shops, shop, serial_glass, glass_columns_a,
          glass_columns_a, glass_columns_b, glass_columns_c, glass_columns_a,
          glass_columns_a, uniq_urug
D:11:     layout_roguey, gammafunk_ghost_smash, kennysheep_decorative_pillar
Temple:   bh_familiar_temple
Lair:1:   layout_hall_layers, maelrawn_ghost_gauntlet_escape,
          infiniplex_staircase_pool_2, uniq_sonja
Lair:2:   layout_loops_ring, minmay_shoals_entry_beasts,
          nicolae_snake_entry_warm_welcome, grunt_megastairs_1

Skill      XL: |  1  2  3  4  5  6  7  8  9 10 11 12 |
---------------+-------------------------------------+-----
Axes           | 3 4 5 6 7 8 9 10 | 10.2
Armour         | 4 5 6 7 8 9 11 | 11.3
Fighting       | 4 5 6 7 8 |  8.2
Shields        | 5 6 7 8 9 |  9.8
Invocations    | 1 4 7 9 |  9.5
Evocations     | 1 |  1.3

Action                     |  1- 3 |  4- 6 |  7- 9 | 10-12 || total
---------------------------+-------+-------+-------+-------++-------
  Melee: War axe           |    60 |    98 |   276 |   403 ||   837
         Kick              |       |       |       |    36 ||    36
  Throw: Throwing net      |       |       |       |     1 ||     1
 Invoke: Minor Destruction |       |       |       |    13 ||    13
Ability: Shaft Self        |       |       |       |     2 ||     2
    Use: Scroll            |     6 |     3 |     6 |     5 ||    20
         Potion            |       |       |     6 |     8 ||    14
 Armour: Scale mail        |    29 |    24 |    24 |   204 ||   281
         Ring mail         |       |    34 |   120 |       ||   154
  Dodge: Dodged            |    26 |    43 |   134 |   195 ||   398
  Block: Buckler           |    19 |    19 |   107 |   150 ||   295

Table legend: (Time is in decaauts)
 A = Elapsed time spent in this place.
 B = Non-inter-level travel time spent in this place.
 C = Inter-level travel time spent in this place.
 D = Time resting spent in this place.
 E = Time spent auto-exploring this place.
 F = Levels seen in this place.
 G = Mean time per level.
                   A        B        C        D        E       F      G
               +--------+--------+--------+--------+--------+-----+--------+
         Total |   7402 |   7168 |    234 |      0 |   5371 |  14 |  528.7 |
       Dungeon |   7100 |   6898 |    202 |      0 |   5132 |  11 |  645.5 |
        Temple |    203 |    171 |     32 |      0 |    167 |   1 |  203.0 |
          Lair |     98 |     98 |      0 |      0 |     72 |   2 |   49.0 |
               +--------+--------+--------+--------+--------+-----+--------+

Top non-repeatable levels by time:
     D:2: 943 daAuts
     D:1: 917 daAuts
     D:7: 916 daAuts
     D:8: 911 daAuts
     D:6: 782 daAuts
     D:3: 626 daAuts
     D:5: 500 daAuts
     D:4: 473 daAuts
    D:10: 452 daAuts
    D:11: 307 daAuts
     D:9: 267 daAuts
  Temple: 203 daAuts
  Lair:2: 98 daAuts
